 Dungeon Crawl Stone Soup version 0.28-a0-1389-gc726bef33b (webtiles) character file.

Game seed: 9133352346555615055

196 eustatius the Caller (level 6, 0/33 HPs)
             Began as a Kobold Summoner on Jan 4, 2022.
             Succumbed to an adder's poison
             ... on level 3 of the Dungeon.
             The game lasted 00:20:35 (4595 turns).

eustatius the Caller (Kobold Summoner)              Turns: 4595, Time: 00:20:36

Health: 0/33       AC:  2    Str:  5    XL:     6   Next: 4%
Magic:  9/11       EV: 16    Int: 18    God:
Gold:   53         SH:  0    Dex: 22    Spells: 11/12 levels left

rFire   . . .      SeeInvis .   q - +0 hunting sling
rCold   . . .      Faith    .   (no shield)
rNeg    . . .      Spirit   .   a - +0 robe
rPois   .          Reflect  .   (no helmet)
rElec   .          Harm     .   (no cloak)
rCorr   .          Rampage  .   (no gloves)
Will    .....                   (no boots)
Stlth   ++++......              (no amulet)
HPRegen 0.11/turn               p - +6 ring of dexterity
MPRegen 0.12/turn               (no ring)

@: lethally poisoned (0 -> -4)
A: small, no large weapons, nightstalker 3
a: no special abilities


You were on level 3 of the Dungeon.
You visited 1 branch of the dungeon, and saw 3 of its levels.

You collected 92 gold pieces.
You spent 39 gold pieces at shops.

Inventory:

Hand Weapons
 c - a +0 dagger
 e - a +0 dagger
 f - a +0 short sword
 q - a +0 hunting sling (weapon)
Missiles
 g - 18 sling bullets (quivered ammo)
 h - 70 stones (quivered)
 m - 86 poisoned darts
Armour
 a - a +0 robe (worn)
Jewellery
 p - a +6 ring of dexterity (left hand)
Scrolls
 b - 2 scrolls of enchant armour {unknown}
 i - 4 scrolls of teleportation {unknown}
 j - a scroll of immolation
 k - a scroll of summoning {unknown}
 n - a scroll of enchant weapon {unknown}
 s - a scroll of torment {unknown}
 u - a scroll of fog {unknown}
Potions
 d - a potion of flight {unknown}
 l - a potion of haste {unknown}
 o - a potion of heal wounds {unknown}
 r - a potion of lignification {unknown}
 t - 2 potions of berserk rage {unknown}
 v - a potion of magic {unknown}


   Skills:
 + Level 0.9 Fighting
 + Level 1.2 Short Blades
 + Level 1.4 Slings
 + Level 3.2 Dodging
 + Level 3.1 Stealth
 + Level 3.6 Spellcasting
 + Level 5.1 Summonings


You had 11 spell levels left.
You knew the following spells:

 Your Spells              Type           Power      Damage    Failure   Level
a - Summon Small Mammal   Summ           84%        N/A       1%          1

Your spell library contained the following spells:

 Spells                   Type           Power      Damage    Failure   Level
 Call Imp                 Summ           21%        N/A       2%          2
 Call Canine Familiar     Summ           21%        N/A       5%          3
 Sandblast                Erth           6%         2d5       16%         1
 Summon Guardian Golem    Hex/Summ       12%        N/A       16%         3
 Passwall                 Tmut/Erth      2%         N/A       24%         2
 Sublimation of Blood     Necr           3%         N/A       24%         2
 Wereblood                Tmut           3%         N/A       24%         2
 Conjure Flame            Conj/Fire      3%         6-21      43%         3
 Ignite Poison            Fire/Tmut/Pois 3%         N/A       43%         3
 Stone Arrow              Conj/Erth      6%         3d7       43%         3
 Summon Lightning Spire   Summ/Air       12%        N/A       47%         4
 Sticky Flame             Conj/Fire      3%         2d3       83%         4
 Summon Hydra             Summ           10%        N/A       100%        7


Dungeon Overview and Level Annotations

Branches:
Dungeon (3/15)

Altars:
Trog

Shops:
D:2 (!


Innate Abilities, Weirdness & Mutations

You are small and have problems with some larger weapons.
You are completely attuned to the shadows.


Message History

Confirm with . or Enter, or press ? or * to list all spells.
Your bat hits the orc but does no damage.
You swap places.
Your bat barely misses the orc.
Your bat hits the orc but does no damage.
Your bat closely misses the orc.
Your bat hits the orc but does no damage.
The orc barely misses you.
The orc hits your bat with a +0 hand axe.
Your bat dies!
Your bat's corpse disappears in a puff of smoke!
Your bat hits the orc but does no damage.
The orc hits your bat with a +0 hand axe!
Your bat dies!
Your bat's corpse disappears in a puff of smoke!
The orc shouts!
The adder bites you.
You are poisoned.
The adder poisons you!
There is a fountain of clear blue water here.
You feel sick.
You feel sick. The adder closely misses you. The orc misses you.
You feel sick. The adder bites you.
You are more poisoned.
The adder poisons you!
Casting: Summon Small Mammal (safe; 1% risk of failure)
Confirm with . or Enter, or press ? or * to list all spells.
You feel sick. The adder bites you.
You are more poisoned.
The adder poisons you! The orc hits you with a +0 hand axe.
The adder barely misses you.
You feel very sick. The orc completely misses you.
You feel sick. The adder barely misses you.
Your quokka bites the adder.
You feel sick. The orc hits you with a +0 hand axe.
* * * LOW HITPOINT WARNING * * *
The orc hits your quokka with a +0 hand axe.
* * * LOW HITPOINT WARNING * * *
You feel sick. The adder closely misses you.
Your quokka bites the adder.
The adder misses you.
Your quokka barely misses the adder.
You die...

#.# #..#.......
#.# #..#.######
#.## ##....# #..##
##.).### #...##
##....# #..⌠.##
##.⌠...#
#....r#####......#
#.....S..........#
###...o.@........#
################


You could see an adder (ally target), an orc and a friendly quokka (summoned).

Vanquished Creatures
  A dart slug (D:1)
  3 ball pythons
  An endoplasm (D:2)
  2 goblins
  A hobgoblin (D:2)
  A jackal (D:1)
  3 bats
  2 rats (D:1)
14 creatures vanquished.

Vanquished Creatures (collateral kills)
  A necrophage (D:3)
  A centaur skeleton (D:3)
  3 adders
  A dart slug (D:2)
  2 orcs (D:3)
  5 ball pythons (D:1)
  4 endoplasms
  A giant cockroach (D:1)
  2 goblins
  3 hobgoblins
  A jackal (D:1)
  A quokka (D:3)
  2 bats
  2 frilled lizards
  7 kobolds
  3 rats
39 creatures vanquished.

Grand Total: 53 creatures vanquished

Notes
Turn   | Place    | Note
-------+----------+-------------------------------------------
     0 | D:1      | eustatius the Kobold Summoner began the quest for the Orb.
     0 | D:1      | Reached XP level 1. HP: 10/10 MP: 3/3
   206 | D:1      | Reached XP level 2. HP: 9/15 MP: 3/5
   554 | D:1      | Found a faded altar of an unknown god.
   717 | D:1      | Reached XP level 3. HP: 6/19 MP: 4/6
  2032 | D:2      | Reached XP level 4. HP: 15/24 MP: 3/8
  2282 | D:2      | Reached skill level 1 in Short Blades
  2287 | D:2      | HP: 1/24 [poisoned by an adder]
  2608 | D:2      | Found Qekeiticy's Distillery.
  3013 | D:2      | Found Ozamosa's Antique Weapon Shoppe.
  3023 | D:2      | Bought a hunting sling for 39 gold pieces
  3381 | D:3      | Found a bloodstained altar of Trog.
  3732 | D:3      | Reached XP level 5. HP: 28/28 MP: 9/9
  3817 | D:3      | Noticed a necrophage
  3890 | D:3      | Killed a necrophage
  3891 | D:3      | Reached skill level 1 in Slings
  3891 | D:3      | Reached skill level 5 in Summonings
  4111 | D:3      | Reached XP level 6. HP: 22/33 MP: 9/11
  4594 | D:3      | HP: 1/33 [poisoned by an adder]
  4595 | D:3      | Succumbed to an adder's poison

Illustrated notes

Levels and vault maps discovered:
D:1:      lightli_arrival_chessboard, layout_basic,
          hellmonk_ecumenical_altar_blasted, minmay_circled_x
D:2:      layout_basic, serial_shops, nicolae_diamond_shop, nicolae_shop_stone,
          minmay_cupped
D:3:      minmay_door_path, layout_basic, trog_butcher_becter,
          nicolae_overflow_ecumenical_swirl, uniq_robin

Skill      XL: |  1  2  3  4  5 |
---------------+----------------+-----
Short Blades   | 1 |  1.2
Stealth        | 3 |  3.1
Dodging        | 3 |  3.2
Spellcasting   | 3 |  3.6
Slings         | 1 |  1.4
Summonings     | 5 |  5.1
Fighting       | |  0.9

Action                   |  1- 3 |  4- 6 || total
-------------------------+-------+-------++-------
Melee: Unarmed           |     7 |       ||     7
       Short sword       |    42 |    13 ||    55
       Hunting sling     |       |    18 ||    18
 Fire: Hunting sling     |       |    20 ||    20
 Cast: Summon Small Mamm |    51 |    45 ||    96
  Use: Scroll            |     1 |       ||     1
 Stab: Sleeping          |     4 |       ||     4
Armor: Robe              |    21 |    11 ||    32
Dodge: Dodged            |    85 |    75 ||   160

Table legend: (Time is in decaauts)
 A = Elapsed time spent in this place.
 B = Non-inter-level travel time spent in this place.
 C = Inter-level travel time spent in this place.
 D = Time resting spent in this place.
 E = Time spent auto-exploring this place.
 F = Levels seen in this place.
 G = Mean time per level.
                   A        B        C        D        E       F      G
               +--------+--------+--------+--------+--------+-----+--------+
         Total |   4609 |   3986 |    623 |    273 |   2093 |   3 | 1536.3 |
       Dungeon |   4609 |   3986 |    623 |    273 |   2093 |   3 | 1536.3 |
               +--------+--------+--------+--------+--------+-----+--------+

Top non-repeatable levels by time:
     D:2: 1663 daAuts
     D:1: 1652 daAuts
     D:3: 1293 daAuts
